 Dungeon Crawl Stone Soup version 0.26.0-10-g1f06aea511 (webtiles) character file.

Game seed: 11549478200264012929

5945 Borgoz the Ducker (level 10, -17/86 HPs)
             Began as a Ghoul Gladiator on Jan 18, 2021.
             Was an Elder of Okawaru.
             Demolished by an orc warrior
             ... wielding a +0 glaive
              (21 damage)
             ... on level 10 of the Dungeon.
             The game lasted 00:12:56 (9136 turns).

Borgoz the Ducker (Ghoul Gladiator)                 Turns: 9136, Time: 00:12:56

Health: -17/86     AC: 13    Str: 19    XL:     10   Next: 83%
Magic:  12/12      EV: 16    Int:  3    God:    Okawaru [****..]
Gold:   1237       SH:  0    Dex: 13    Spells: 9/9 levels left

rFire    . . .     SeeInvis +   a - +2 long sword
rCold    + . .     Faith    .   (no shield)
rNeg     + + +     Spirit   .   z - +0 steam dragon scales
rPois    ∞         Reflect  .   c - +0 helmet
rElec    .         Harm     .   (no cloak)
rCorr    .         Rampage  .   k - +1 pair of gloves
Will     .....                  h - +2 pair of boots {Stlth+}
Stlth    ++........             (no amulet)
HPRegen  0.00/turn              i - ring of see invisible
MPRegen  0.13/turn              w - +4 ring of slaying

@: slowed, very slow
A: claws 1, cold resistance 1, negative energy resistance 3, inhibited
regeneration, torment resistance, unbreathing
a: Renounce Religion, Heroism


You were on level 10 of the Dungeon.
You worshipped Okawaru.
Okawaru was greatly pleased with you.
You visited 2 branches of the dungeon, and saw 11 of its levels.

You collected 1237 gold pieces.

Inventory:

Hand Weapons
 a - a +2 long sword (weapon)
 r - a +0 scimitar
Missiles
 d - 2 throwing nets (quivered)
Armour
 c - a +0 helmet (worn)
 h - a +2 pair of boots of stealth (worn)
 k - a +1 pair of gloves (worn)
 z - +0 steam dragon scales (worn)
Jewellery
 f - an uncursed ring of protection from cold
 i - a ring of see invisible (left hand)
 w - a +4 ring of slaying (right hand)
Wands
 g - a wand of acid (12)
 v - a wand of iceblast (12)
 y - a wand of flame (18)
Scrolls
 b - a scroll of fear
 e - 2 scrolls of blinking
 n - a scroll of vulnerability {unknown}
 q - a scroll of enchant armour
 s - 4 scrolls of teleportation
Potions
 j - a potion of ambrosia
 l - 3 potions of curing
 m - a potion of flight
 o - 2 potions of heal wounds
 p - a potion of magic
 t - a potion of might
 u - a potion of haste


   Skills:
 + Level 7.2 Fighting
 * Level 7.8 Long Blades
 - Level 1.7 Throwing
 * Level 7.2 Armour
 * Level 7.9 Dodging
 - Level 5.0 Invocations


You had 9 spell levels left.
You didn't know any spells.
Your spell library contained the following spells:

 Spells                   Type           Power        Failure   Level
 Animate Skeleton         Necr           0%           52%         1
 Apportation              Tloc           0%           52%         1
 Corona                   Hex            0%           52%         1
 Sandblast                Erth           0%           52%         1
 Summon Small Mammal      Summ           0%           52%         1
 Passwall                 Tmut/Erth      0%           67%         2
 Stone Arrow              Conj/Erth      0%           88%         3
 Petrify                  Tmut/Erth      0%           99%         4
 Lee's Rapid Deconstruct  Erth           0%           100%        5
 Beastly Appendage        Tmut           Unusable     N/A         1
 Wereblood                Tmut           Unusable     N/A         2
 Spider Form              Tmut/Pois      Unusable     N/A         3
 Ice Form                 Ice/Tmut       Unusable     N/A         4
 Blade Hands              Tmut           Unusable     N/A         5

Dungeon Overview and Level Annotations

Branches:
Dungeon (10/15)            Temple (1/1) D:5
   Lair: D:8-11         Orc: D:9-12

Altars:
Ashenzari
Cheibriados
Dithmenos
Elyvilon
Fedhas
Gozag
Hepliaklqana
Kikubaaqudgha
Makhleb
Nemelex Xobeh
Okawaru
Qazlal
Ru
Sif Muna
Trog
Uskayaw
Vehumet
Wu Jian
Xom
Yredelemnul
Zin
The Shining One

Annotations:
D:7 2 transporters, Borgoz's ghost, novice GrBe
D:9 1 runed translucent door


Innate Abilities, Weirdness & Mutations

You thrive by killing the living.
You are immune to poison.
You have sharp fingernails.
Your flesh is cold resistant. (rC+)
You are immune to negative energy. (rN+++)
You do not regenerate when monsters are visible.
You are immune to unholy pain and torment.
You can survive without breathing.


Message History

The puff of frost hits you. You resist.
* * * LOW HITPOINT WARNING * * *
The orc warrior hits you from afar with a +0 glaive!
* * * LOW HITPOINT WARNING * * *
The ice beast misses you.
You riposte.
You closely miss the ice beast.
The orc wizard gestures wildly while chanting.
The orc wizard blinks!
The ice beast closely misses you.
The orc wizard mumbles some strange words.
The orc wizard blinks!
The orc hits you but does no damage. The ice beast closely misses you.
There is an escape hatch in the ceiling here.
The ice beast hits you.
* * * LOW HITPOINT WARNING * * *
The ice beast freezes you. You resist.
* * * LOW HITPOINT WARNING * * *
The orc wizard gestures wildly while chanting.
The orc wizard seems to speed up.
The orc warrior hits you from afar with a +0 glaive!!
You die...

#...###.....##
#...........# ### ..
.##.....#.####.## ..
####.#####.#..## . .
#...#..#.....# ..
#.####.5......##..##
...#.#...ooo.....##...#
........#.Y......#...##
###...#.@...........#
##.##.)###.##.......##
....#..#######....#.#
#.......####...#####
.#...........(..#
........†...##...#
.........##.###.##
............#.#..##
..................#


You could see an orc warrior, an ice beast, an orc wizard (fast), a white imp
and an orc.

Vanquished Creatures
  A two-headed ogre (D:10)
  Pikel (D:5)
  A troll (D:10)
  Grinder (D:5)
  A steam dragon (D:9)
  Duvessa (D:7)
  2 phantoms
  7 sky beasts
  3 orc warriors
  4 ogres
  3 ice beasts
  2 necrophages
  2 centaurs (D:8)
  A lemure (D:6)
  A big kobold (D:7)
  A bullfrog (D:7)
  Dowan (D:7)
  A scorpion (D:7)
  11 killer bees
  6 wights
  3 howler monkeys (D:8)
  2 centaur zombies
  A quasit (D:8)
  4 hounds
  A centaur skeleton (D:5)
  A gnoll shaman (D:8)
  3 orc priests
  2 bullfrog skeletons
  2 iguanas
  9 worker ants
  5 orc wizards
  3 gnolls (D:8)
  12 adders
  A shadow imp (D:9)
  5 white imps
  2 ufetubi (D:8)
  4 worms (D:2)
  3 leopard geckos
  29 orcs
  6 giant cockroaches
  4 goblins
  7 hobgoblins
  8 jackals
  5 quokkas
  2 ball pythons
  6 bats
  5 frilled lizards
  A jackal skeleton (D:5)
  11 kobolds
  A quokka skeleton (D:6)
  A rat (D:2)
200 creatures vanquished.

Vanquished Creatures (others)
  An orc (D:9)
  A plant (D:4)
2 creatures vanquished.

Grand Total: 202 creatures vanquished

Notes
Turn   | Place    | Note
-------+----------+-------------------------------------------
     0 | D:1      | Borgoz the Ghoul Gladiator began the quest for the Orb.
     0 | D:1      | Reached XP level 1. HP: 17/17 MP: 0/0
   325 | D:1      | Reached XP level 2. HP: 25/25 MP: 1/1
  1015 | D:2      | Reached skill level 1 in Armour
  1015 | D:2      | Reached XP level 3. HP: 30/30 MP: 2/2
  1540 | D:3      | Reached XP level 4. HP: 36/38 MP: 3/3
  1553 | D:3      | Found a faded altar of an unknown god.
  1779 | D:3      | Reached XP level 5. HP: 29/45 MP: 4/4
  2128 | D:3      | Reached XP level 6. HP: 28/52 MP: 5/5
  2747 | D:4      | Reached XP level 7. HP: 42/60 MP: 6/6
  3127 | D:5      | Entered Level 5 of the Dungeon
  3129 | D:5      | Noticed Grinder
  3136 | D:5      | Paralysed by Grinder for 3 turns
  3149 | D:5      | Paralysed by Grinder for 5 turns
  3157 | D:5      | Paralysed by Grinder for 6 turns
  3163 | D:5      | Killed Grinder
  3599 | D:5      | Found a staircase to the Ecumenical Temple.
  3619 | Temple   | Entered the Ecumenical Temple
  3789 | Temple   | Became a worshipper of Warmaster Okawaru
  3819 | D:5      | Identified a scroll of acquirement
  3820 | D:5      | Acquired 581 gold pieces
  3901 | D:5      | Reached skill level 5 in Fighting
  3985 | D:5      | Reached XP level 8. HP: 20/68 MP: 7/7
  4000 | D:5      | Reached skill level 1 in Invocations
  4379 | D:5      | Reached skill level 5 in Dodging
  4507 | D:6      | Noticed Pikel
  4523 | D:6      | Reached skill level 5 in Long Blades
  4541 | D:5      | Killed Pikel
  4541 | D:5      | Reached * piety under Okawaru
  4701 | D:6      | Reached XP level 9. HP: 75/75 MP: 9/9
  4708 | D:6      | Reached skill level 5 in Armour
  4800 | D:6      | You fall into a shaft and drop 2 floors!
  4903 | D:6      | Reached ** piety under Okawaru
  5619 | D:7      | Found a radiant altar of Vehumet.
  5621 | D:7      | Noticed Duvessa
  5621 | D:7      | Noticed Dowan
  5632 | D:7      | Killed Duvessa
  5636 | D:7      | Killed Dowan
  5828 | D:7      | Found a transporter.
  5828 | D:7      | Noticed Borgoz's ghost (novice GrBe)
  5985 | D:7      | Found a transporter.
  6004 | D:7      | Reached XP level 10. HP: 84/84 MP: 10/12
  6571 | D:8      | Found a stormy altar of Qazlal.
  6574 | D:8      | Found a glowing golden altar of the Shining One.
  6577 | D:8      | Found a shimmering blue altar of Sif Muna.
  6618 | D:8      | Found a bloodstained altar of Trog.
  6815 | D:8      | Reached *** piety under Okawaru
  7884 | D:9      | Found a runed translucent door.
  7884 | D:9      | Noticed an angel
  7885 | D:9      | Found a glowing silver altar of Zin.
  7950 | D:9      | Found an opulent altar of Gozag.
  8049 | D:9      | Found a white marble altar of Elyvilon.
  8895 | D:10     | Entered Level 10 of the Dungeon
  9101 | D:10     | Noticed a two-headed ogre
  9115 | D:10     | Killed a two-headed ogre
  9115 | D:10     | Reached **** piety under Okawaru
  9116 | D:10     | Reached skill level 5 in Invocations
  9136 | D:10     | HP: 4/86 [ice beast (4)]
  9136 | D:10     | Demolished by an orc warrior

Illustrated notes

Levels and vault maps discovered:
D:1:      dpeg_arrival_round_c, layout_basic
D:2:      layout_basic
D:3:      layout_loops_ring, chequers_ecumenical_altar_island
D:4:      cheibrodos_old_hovel, layout_rooms
D:5:      layout_gridville, minmay_temple_entry_offerings, uniq_grinder
D:6:      layout_rooms, uniq_pikel
D:7:      layout_basic, general_overflow_altar, gammafunk_ghost_arena,
          lemuel_flamethrower_2, uniq_duvessa
D:8:      layout_gridville, grunt_temple_overflow_diamond, basic_altar,
          kennysheep_small_circle
D:9:      layout_basic, nicolae_gozag_cash_rules_everything_around_me,
          elyvilon_altar_1, lemuel_angel_altar
D:10:     layout_cave_pools, palyth_stone_intersect
Temple:   nicolae_temple_elliptical

Skill      XL: |  1  2  3  4  5  6  7  8  9 10 |
---------------+-------------------------------+-----
Long Blades    | 3 4 5 6 7 |  7.8
Armour         | 1 2 3 4 6 7 |  7.2
Dodging        | 3 4 5 6 7 |  7.9
Fighting       | 3 4 5 6 7 |  7.2
Invocations    | 2 4 5 |  5.0
Throwing       | |  1.7

Action                   |  1- 3 |  4- 6 |  7- 9 | 10-12 || total
-------------------------+-------+-------+-------+-------++-------
Melee: Long sword        |   115 |   179 |   315 |   223 ||   832
       Punch             |       |       |     1 |       ||     1
Throw: Throwing net      |       |     1 |     2 |       ||     3
Invok: Heroism           |       |       |     5 |     2 ||     7
Evoke: Wand              |       |       |     3 |       ||     3
  Use: Scroll            |     2 |     5 |    11 |     6 ||    24
       Potion            |       |     4 |     3 |       ||     7
 Stab: Sleeping          |     3 |     3 |       |     1 ||     7
Armor: Leather armour    |    56 |    38 |       |       ||    94
       Ring mail         |       |    72 |    11 |       ||    83
       Scale mail        |       |       |    61 |       ||    61
       Plate armour      |       |       |   218 |   197 ||   415
       Steam dragon scal |       |       |       |    14 ||    14
Dodge: Dodged            |   100 |   149 |   223 |   172 ||   644
       Rpst.: Long sword |    21 |    41 |    73 |    58 ||   193
